 Dungeon Crawl Stone Soup version 0.29.0-13-gc9e81de378 (webtiles) character file.

Game seed: 3701755511433182261

14889 capka3m the Brawler (level 11, -5/100 HPs)
             Began as a Troll Monk on Sept 9, 2022.
             Was the Champion of the Shining One.
             Slain by a six-headed hydra (12 damage)
             ... on level 1 of the Lair of Beasts.
             The game lasted 00:19:43 (9516 turns).

capka3m the Brawler (Troll Monk)                    Turns: 9516, Time: 00:19:44

Health: -5/100     AC: 10    Str: 21    XL:     11   Next: 94%
Magic:  12/12      EV: 27    Int:  6    God:    the Shining One [******]
Gold:   854        SH:  0    Dex: 22    Spells: 10/10 levels left

rFire   . . .      SeeInvis +     - Unarmed
rCold   . . .      Faith    .   (no shield)
rNeg    + + +      Spirit   .   K - +0 troll leather armour
rPois   .          Reflect  .   x - +1 hat
rElec   .          Harm     .   u - +2 cloak
rCorr   .          Rampage  .   (gloves unavailable)
Will    .....                   (boots unavailable)
Stlth   +.........              C - amulet of the acrobat
HPRegen 1.86/turn               M - +6 ring of dexterity
MPRegen 0.13/turn               G - ring of see invisible

@: acrobatic, glowing
A: large, unfitting armour, claws 3, regeneration 1, shaggy fur 1, tough skin 1
a: Renounce Religion, Divine Shield, Cleansing Flame, Summon Divine Warrior,
Brand Weapon With Holy Wrath


You were on level 1 of the Lair of Beasts.
You worshipped the Shining One.
The Shining One was exalted by your worship.
You visited 3 branches of the dungeon, and saw 12 of its levels.
You also visited: Ossuary and Bailey.

You collected 854 gold pieces.

Inventory:

Armour
 u - a +2 cloak (worn)
 x - a +1 hat (worn)
 K - a +0 troll leather armour (worn)
Jewellery
 l - a +6 ring of intelligence
 C - an amulet of the acrobat (around neck)
 G - a ring of see invisible (right claw)
 M - a +6 ring of dexterity (left claw)
 N - a ring of protection from fire
Wands
 a - a wand of charming (18)
 B - a wand of light (12)
 H - a wand of mindburst (22)
 L - a wand of flame (13)
Scrolls
 c - 2 scrolls of torment {unknown}
 d - 4 scrolls of magic mapping {unknown}
 f - 2 scrolls of blinking {unknown}
 k - 5 scrolls of immolation {unknown}
 m - 2 scrolls of silence {unknown}
 n - a scroll of noise {unknown}
 p - 6 scrolls of fear {unknown}
 q - 9 scrolls of identify {unknown}
 t - 2 scrolls of acquirement {unknown}
 v - 2 scrolls of enchant armour {unknown}
 y - 4 scrolls of teleportation {unknown}
 z - a scroll of amnesia {unknown}
 I - a scroll of poison {unknown}
 J - a scroll of enchant weapon {unknown}
Potions
 b - 2 potions of ambrosia
 e - 6 potions of brilliance {unknown}
 g - 3 potions of resistance {unknown}
 h - 6 potions of lignification {unknown}
 i - 6 potions of mutation {unknown}
 j - 3 potions of degeneration {unknown}
 o - 6 potions of heal wounds {unknown}
 r - 6 potions of flight {unknown}
 s - 4 potions of attraction {unknown}
 w - 5 potions of curing {unknown}
 A - 2 potions of might {unknown}
 D - 2 potions of haste {unknown}
 F - a potion of invisibility
Miscellaneous
 E - a tin of tremorstones (inert)


   Skills:
 + Level 4.0 Fighting
 + Level 4.0 Dodging
 - Level 1.0 Stealth
 * Level 18.1 Unarmed Combat
 + Level 3.2 Invocations


You had 10 spell levels left.
You didn't know any spells.
Your spell library contained the following spells:

 Spells                   Type           Power      Damage    Failure   Level
 Freeze                   Ice            0%         1d3       50%         1
 Slow                     Hex            0%         N/A       50%         1
 Summon Small Mammal      Summ           0%         N/A       50%         1
 Ensorcelled Hibernation  Hex/Ice        0%         N/A       65%         2
 Call Canine Familiar     Summ           0%         N/A       86%         3
 Confusing Touch          Hex            0%         N/A       86%         3
 Frozen Ramparts          Ice            0%         1d1       86%         3
 Portal Projectile        Hex/Tloc       0%         N/A       86%         3
 Spider Form              Tmut/Pois      0%         N/A       86%         3
 Summon Guardian Golem    Hex/Summ       0%         N/A       86%         3
 Tukima's Dance           Hex            0%         N/A       86%         3
 Vampiric Draining        Necr           0%         2d6       86%         3
 Anguish                  Hex/Necr       0%         N/A       99%         4
 Animate Armour           Summ/Erth      0%         N/A       99%         4
 Animate Dead             Necr           0%         N/A       99%         4
 Hailstorm                Conj/Ice       0%         3d3       99%         4
 Ice Form                 Ice/Tmut       0%         N/A       99%         4
 Leda's Liquefaction      Hex/Erth       0%         N/A       99%         4
 Passage of Golubria      Tloc           0%         N/A       99%         4
 Blade Hands              Tmut           0%         N/A       100%        5
 Yara's Violent Unravell  Hex/Tmut       0%         3d3       100%        5
 Iron Shot                Conj/Erth      0%         9d1       100%        6
 Simulacrum               Ice/Necr       0%         N/A       100%        6
 Starburst                Conj/Fire      0%         6d3       100%        6
 Haunt                    Necr/Summ      0%         N/A       100%        7


Dungeon Overview and Level Annotations

Branches:
Dungeon (10/15)            Temple (1/1) D:4            Lair (1/5) D:10
    Orc (0/2) D:10        Ossuary (visited)          Bailey (visited)

Altars:
Ashenzari
Cheibriados
Dithmenos
Elyvilon
Fedhas
Gozag
Hepliaklqana
Kikubaaqudgha
Makhleb
Nemelex Xobeh
Okawaru
Qazlal
Ru
Sif Muna
Trog
Uskayaw
Vehumet
Wu Jian
Xom
Yredelemnul
Zin
The Shining One

Shops:
D:7 [

Annotations:
D:9 5 transporters


Innate Abilities, Weirdness & Mutations

You are too large for most types of armour.
You have claws for hands.
Your natural rate of healing is unusually fast.
You are covered in fur. (AC +1)
You have tough skin. (AC +1)


Message History

The six-headed hydra completely misses you.
The six-headed hydra misses you.
The six-headed hydra attacks as you move away!
The six-headed hydra bites you but does no damage.
The six-headed hydra closely misses you.
The six-headed hydra bites you. The six-headed hydra misses you. x2
The six-headed hydra completely misses you.
The six-headed hydra attacks as you move away!
The six-headed hydra completely misses you.
The six-headed hydra bites you! The six-headed hydra misses you.
The six-headed hydra completely misses you.
The six-headed hydra bites you! The six-headed hydra misses you.
The six-headed hydra attacks as you move away!
The six-headed hydra bites you but does no damage. x2
The six-headed hydra completely misses you.
The six-headed hydra bites you! The six-headed hydra bites you.
* * * LOW HITPOINT WARNING * * *
The six-headed hydra bites you.
* * * LOW HITPOINT WARNING * * *
You eviscerate the butterfly!!!
You kill the butterfly!
The six-headed hydra barely misses you. x2
The six-headed hydra bites you but does no damage. x3
The six-headed hydra bites you!
* * * LOW HITPOINT WARNING * * *
The six-headed hydra attacks as you move away!
The six-headed hydra misses you. The six-headed hydra bites you.
* * * LOW HITPOINT WARNING * * *
The six-headed hydra bites you!
* * * LOW HITPOINT WARNING * * *
The six-headed hydra completely misses you.
The six-headed hydra bites you but does no damage.
The six-headed hydra bites you!
* * * LOW HITPOINT WARNING * * *
The six-headed hydra attacks as you move away!
The six-headed hydra bites you but does no damage.
The six-headed hydra bites you.
* * * LOW HITPOINT WARNING * * *
The six-headed hydra bites you!
You die...

....###
##.............###...
...###
##............###...
...PP#
#.............##...
.#...##
##......(.....###.#
..#P..## #...........##
#.. .####..###
#.#........#.# ##. .#
##...##
#.........######.. .#
###..##
#D.....P...###.... ##
##..## #@...............#
##..####............#####
#P#..##...........##
####...........[...#
##...##........##
##.#####P###### ##.# ###
#..## ##..#####


You could see a six-headed hydra.

Vanquished Creatures
  4 two-headed ogres
  A manticore (D:10)
  Maurice (D:9)
  A gargoyle (Bailey)
  A black mamba (Lair:1)
  4 cane toads (Lair:1)
  Maggie (D:7)
  An unseen horror (D:10)
  3 komodo dragons (Lair:1)
  A troll (D:9)
  A hornet (D:10)
  A blink frog (Lair:1)
  4 yaks (D:10)
  4 wyverns
  A vampire (Bailey)
  A basilisk (Lair:1)
  A steam dragon (D:6)
  4 water moccasins
  An acid dragon (D:10)
  4 orc warriors
  3 ice beasts
  A sky beast (D:3)
  2 black bears
  8 wolves (Lair:1)
  6 centaurs
  2 phantoms
  2 kobold brigands (D:10)
  An elf zombie (Ossuary)
  5 bullfrogs
  A scorpion (D:6)
  25 wights
  8 killer bees
  8 vampire bats (Bailey)
  8 wolf zombies (Bailey)
  A centaur zombie (Ossuary)
  5 orc priests
  2 hounds (D:4)
  3 jellies
  3 human zombies (Ossuary)
  A gnoll bouda (D:8)
  An iguana (D:7)
  6 orc wizards
  4 killer bee zombies (D:7)
  2 mummies (Ossuary)
  8 gnolls
  6 adders
  A shadow imp (D:5)
  A worm (D:2)
  2 dart slugs
  28 orcs
  3 ball pythons
  10 endoplasms
  4 giant cockroaches
  10 goblins
  7 hobgoblins
  8 jackals
  7 quokkas
  5 bats
  3 frilled lizards
  2 goblin zombies (Ossuary)
  11 hobgoblin zombies (Ossuary)
  A jackal zombie (Ossuary)
  12 kobolds
  8 kobold zombies (Ossuary)
  28 orc zombies
  7 rats
  2 rat zombies (Ossuary)
  2 butterflies (Lair:1)
324 creatures vanquished.

Vanquished Creatures (others)
  2 fungi (Lair:1)
  7 plants (Lair:1)
9 creatures vanquished.

Grand Total: 333 creatures vanquished

Notes
Turn   | Place    | Note
-------+----------+-------------------------------------------
     0 | D:1      | capka3m the Troll Monk began the quest for the Orb.
     0 | D:1      | Reached XP level 1. HP: 22/22 MP: 0/0
     0 | D:1      | Noticed a jelly
     3 | D:1      | Found a runed translucent door.
   209 | D:1      | Reached XP level 2. HP: 29/29 MP: 1/1
   852 | D:1      | Reached skill level 4 in Unarmed Combat
   862 | D:1      | Reached XP level 3. HP: 14/36 MP: 2/2
   960 | D:2      | Found a faded altar of an unknown god.
  1029 | D:2      | Reached XP level 4. HP: 44/44 MP: 3/3
  1066 | D:2      | Reached skill level 5 in Unarmed Combat
  2036 | D:3      | Reached XP level 5. HP: 50/50 MP: 4/4
  2050 | D:3      | Reached skill level 6 in Unarmed Combat
  2357 | D:3      | Noticed a sky beast
  2373 | D:3      | Killed a sky beast
  2374 | D:3      | Reached XP level 6. HP: 40/59 MP: 5/5
  2514 | D:4      | Reached skill level 7 in Unarmed Combat
  2527 | D:4      | Found a staircase to the Ecumenical Temple.
  2549 | Temple   | Entered the Ecumenical Temple
  2555 | Temple   | Became a worshipper of the Shining One
  2555 | Temple   | Reached * piety under the Shining One
  2555 | Temple   | Reached ** piety under the Shining One
  2763 | D:4      | Got the Anthology of Grim Conflict
  3088 | D:5      | Entered Level 5 of the Dungeon
  3126 | D:5      | Found a sand-covered staircase.
  3145 | Ossuary  | Entered an ossuary
  3192 | Ossuary  | Reached *** piety under the Shining One
  3266 | Ossuary  | Reached **** piety under the Shining One
  3277 | Ossuary  | Reached skill level 8 in Unarmed Combat
  3308 | Ossuary  | Reached XP level 7. HP: 61/66 MP: 6/6
  3421 | D:5      | Reached skill level 9 in Unarmed Combat
  3845 | D:5      | Reached XP level 8. HP: 74/74 MP: 7/7
  3868 | D:6      | Reached skill level 10 in Unarmed Combat
  3869 | D:6      | Reached ***** piety under the Shining One
  4007 | D:5      | Reached skill level 11 in Unarmed Combat
  4351 | D:7      | Reached skill level 12 in Unarmed Combat
  4351 | D:7      | Reached XP level 9. HP: 75/80 MP: 8/8
  4402 | D:7      | Found Viush's Armour Shop.
  4402 | D:7      | Noticed Maggie
  4426 | D:7      | Killed Maggie
  4697 | D:7      | Reached skill level 13 in Unarmed Combat
  4778 | D:7      | Found a blossoming altar of Fedhas.
  4946 | D:7      | Found a flagged portal.
  4963 | Bailey   | Entered a bailey
  5095 | Bailey   | Reached ****** piety under the Shining One
  5101 | Bailey   | Reached skill level 14 in Unarmed Combat
  5187 | Bailey   | Noticed a gargoyle
  5194 | Bailey   | Killed a gargoyle
  5231 | Bailey   | Reached XP level 10. HP: 88/88 MP: 9/9
  5231 | Bailey   | Identified the +0 pair of boots "Zafuxaos" {rElec Stlth+}
  5239 | Bailey   | Identified the +9 plate armour of the Ant {rN+ Int+3}
  5835 | D:8      | Reached skill level 15 in Unarmed Combat
  6518 | D:9      | Noticed Maurice
  6524 | D:9      | Killed Maurice
  6568 | D:9      | Found a transporter.
  6569 | D:9      | Found a transporter.
  6712 | D:9      | Found a transporter.
  6716 | D:9      | Found a transporter.
  6844 | D:9      | Found a burning altar of Makhleb.
  6921 | D:9      | Found a transporter.
  6923 | D:9      | Found a transporter.
  6938 | D:9      | Noticed a two-headed ogre
  6944 | D:9      | Killed a two-headed ogre
  6945 | D:9      | Reached skill level 16 in Unarmed Combat
  7196 | D:9      | Noticed a two-headed ogre
  7207 | D:9      | Killed a two-headed ogre
  7399 | D:10     | Entered Level 10 of the Dungeon
  7399 | D:10     | Noticed a two-headed ogre
  7406 | D:9      | Killed a two-headed ogre
  7407 | D:9      | Reached XP level 11. HP: 40/94 MP: 10/10
  7446 | D:10     | Reached skill level 17 in Unarmed Combat
  7476 | D:10     | Found a staircase to the Orcish Mines.
  7557 | D:10     | Found a staircase to the Lair.
  8214 | D:10     | Found a shadowy altar of Dithmenos.
  8218 | D:10     | Found a shimmering altar of Xom.
  8261 | D:10     | Noticed a two-headed ogre
  8266 | D:10     | Reached skill level 1 in Invocations
  8267 | D:10     | Killed a two-headed ogre
  8524 | Lair:1   | Entered Level 1 of the Lair of Beasts
  8768 | Lair:1   | Reached skill level 18 in Unarmed Combat
  9400 | Lair:1   | Noticed a six-headed hydra
  9469 | Lair:1   | The Shining One protects you from harm!
  9516 | Lair:1   | Slain by a six-headed hydra

Illustrated notes

Levels and vault maps discovered:
D:1:      dpeg_arrival_caged_fury, layout_loops_corners
D:2:      minmay_recursive_quarters, layout_basic,
          shapermc_ecumenical_altar_pompeii
D:3:      layout_loops_ring, nicolae_underground_beach
D:4:      layout_rooms, minmay_temple_entry_waves
D:5:      layout_rooms, nicolae_ossuary_entry_false_entrances
D:6:      layout_gridville
D:7:      layout_cave_pools, lemuel_tele_altar, enter_bailey_4, serial_shops,
          nicolae_shop_trees, serial_undead, serial_undead_c, serial_undead_d,
          serial_undead_e, serial_undead_e, uniq_maggie
D:8:      layout_layer_cave, kennysheep_small_square
D:9:      layout_basic, amcnicky_altar_gilded, serial_nicolae_subway,
          nicolae_sub_station_metal, nicolae_sub_station_stone,
          nicolae_sub_station_crystal, uniq_maurice
D:10:     layout_basic, chequers_temple_overflow_statue_of_worship,
          lair_entry_dummy, orc_0_dummy, minmay_joined_circles
Temple:   eino_narrow_crystal_temple
Lair:1:   layout_cave_pods, minmay_shattered_shrine, lemuel_fruit_fields

Skill      XL: |  1  2  3  4  5  6  7  8  9 10 11 |
---------------+----------------------------------+-----
Unarmed Combat | 4 5 6 8 9 12 14 16 18 | 18.1
Invocations    | 3 |  3.2
Fighting       | 4 |  4.0
Dodging        | 4 |  4.0
Stealth        | |  1.0

Action                   |  1- 3 |  4- 6 |  7- 9 | 10-12 || total
-------------------------+-------+-------+-------+-------++-------
Melee: Unarmed           |    73 |   205 |   214 |   257 ||   749
       Punch             |       |     6 |    13 |    34 ||    53
Evoke: Wand              |       |       |       |     5 ||     5
       Tin of tremorston |       |       |       |     2 ||     2
 Stab: Sleeping          |     3 |     4 |       |       ||     7
Armor: Robe              |    14 |    53 |    33 |       ||   100
       Steam dragon scal |       |       |    42 |    24 ||    66
       Troll leather arm |       |       |       |    59 ||    59
Dodge: Dodged            |    36 |    73 |   162 |   216 ||   487
